 Dungeon Crawl Stone Soup version 0.21-a0-67-g3f13d09 (webtiles) character file.

122 Ijustatesigmund the Sneak (level 5, 0/37 HPs)
             Began as an Octopode Assassin on June 17, 2017.
             Slain by Apogee's ghost (7 damage)
             ... on level 3 of the Dungeon.
             The game lasted 00:03:36 (2324 turns).

Ijustatesigmund the Sneak (Octopode Assassin)       Turns: 2324, Time: 00:03:37

Health: 0/37       AC:  1    Str: 10    XL:     5   Next: 6%
Magic:  5/5        EV: 13    Int: 13    God:
Gold:   98         SH:  0    Dex: 15    Spells: 4/4 levels left

rFire    . . .     SeeInvis .   a - +2 dagger
rCold    . . .     Gourm    .   (no shield)
rNeg     . . .     Faith    .   (helmet restricted)
rPois    .         Spirit   .   (no amulet)
rElec    .         Reflect  .   (no ring)
rCorr    .         Harm     .   (no ring)
MR       .....                  (no ring)
Stlth    ++++......             (no ring)
HPRegen  0.12/turn              (no ring)
MPRegen  0.09/turn              (no ring)
                                (no ring)
                                (no ring)

@: no status effects
A: almost no armour, stealthy swim, amphibious, 8 rings, constrict 8, camouflage
1, gelatinous body 1
a: no special abilities


You were on level 3 of the Dungeon.
You were not hungry.

You visited 1 branch of the dungeon, and saw 3 of its levels.

You collected 98 gold pieces.

Inventory:

Hand Weapons
 a - a +2 dagger (weapon)
 b - a +0 blowgun
Missiles
 c - 18 poisoned needles
 d - 2 curare-tipped needles
Scrolls
 g - a scroll of blinking {unknown}
 j - a scroll of remove curse
Comestibles
 f - a bread ration
 h - a royal jelly


   Skills:
 + Level 3.9 Fighting
 + Level 3.7 Short Blades
 - Level 2.0 Throwing
 - Level 1.0 Dodging
 - Level 5.3 Stealth


You had 4 spell levels left.
You didn't know any spells.

Dungeon Overview and Level Annotations

Branches:
Dungeon (3/15)

Altars:
Cheibriados

Annotations:
D:3 Apogee's ghost, amateur MfSk


Innate Abilities, Weirdness & Mutations

You cannot wear most types of armour.
You are very stealthy in the water. (Stealth+)
You are amphibious.
You can wear up to eight rings at the same time.
You can use your tentacles to constrict eight enemies at once.
Your skin changes colour to match your surroundings (Stealth+).
Your rubbery body absorbs attacks. (AC +1, EV +1)


Message History

Apogee's ghost barely misses you.
You hit Apogee's ghost but do no damage.
Apogee's ghost is moderately damaged.
Apogee's ghost hits you.
You hit Apogee's ghost but do no damage.
Apogee's ghost is moderately damaged.
Apogee's ghost hits you.
You hit Apogee's ghost but do no damage.
Apogee's ghost is moderately damaged.
You hit Apogee's ghost. You squeeze Apogee's ghost!
Apogee's ghost is severely damaged.
Apogee's ghost closely misses you.
You barely miss Apogee's ghost.
Apogee's ghost is severely damaged.
Apogee's ghost hits you.
* * * LOW HITPOINT WARNING * * *
You hit Apogee's ghost but do no damage.
Apogee's ghost is severely damaged.
Apogee's ghost hits you!
You die...

. ..## ...## #...######
#.)....# .... ##......#
.....%.##.......#### ..
....................# ##.
#.....####.@......... ##..
#.. ...###W........... ...
#.# #..##............
#<##.#####.#.............
$##....#.[)..)........)....
.........####[#########...
.##...#### #.# ## #..#.<#
#.# ...###รท# #..


You could see Apogee's ghost.

Vanquished Creatures
  An orc wizard (D:3)
  3 adders
  2 worms (D:2)
  A dart slug (D:2)
  2 leopard geckos (D:1)
  5 orcs (D:3)
  6 goblins
  3 hobgoblins
  8 jackals
  7 kobolds
  7 bats
  4 frilled lizards
  6 rats
55 creatures vanquished.

Notes
Turn   | Place    | Note
-------+----------+-------------------------------------------
     0 | D:1      | Ijustatesigmund the Octopode Assassin began the quest for the Orb.
     0 | D:1      | Reached XP level 1. HP: 14/14 MP: 1/1
   428 | D:1      | Reached XP level 2. HP: 20/20 MP: 2/2
  1138 | D:2      | Reached XP level 3. HP: 25/25 MP: 3/3
  1660 | D:2      | Reached XP level 4. HP: 29/31 MP: 4/4
  1754 | D:3      | Found a snail-covered altar of Cheibriados.
  1971 | D:3      | Reached XP level 5. HP: 15/37 MP: 5/5
  2299 | D:3      | Noticed Apogee's ghost (amateur MfSk)
  2324 | D:3      | Slain by Apogee's ghost

Vault maps used:
D:1:      mrwooster_arrival_statue_2, minmay_misc_feat_enclosed, minivault_4
D:2:      minivault_11
D:3:      cheibriados_altar_1, uniq_ijyb

Skill      XL: |  1  2  3 |
---------------+----------+-----
Fighting       | 3 |  3.9
Short Blades   | 3 |  3.7
Throwing       | |  2.0
Dodging        | |  1.0
Stealth        | |  5.3

Action                   |  1- 3 |  4- 6 || total
-------------------------+-------+-------++-------
Melee: Dagger            |    65 |    68 ||   133
       Constrict         |    13 |    12 ||    25
       Tentacles         |     8 |     8 ||    16
 Fire: Blowgun           |     3 |       ||     3
  Use: Scroll            |     5 |       ||     5
       Potion            |       |     3 ||     3
 Stab: Sleeping          |    16 |     1 ||    17
  Eat: Chunk             |     2 |     2 ||     4
Armor: Skin              |     2 |       ||     2
Dodge: Dodged            |    17 |    50 ||    67
